 Dungeon Crawl Stone Soup version 0.30.0-29-ga12c61a403 (webtiles) character file.

Game seed: 1292618967724311181

64021 DildoBatman the Blocker (level 15, -3/116 HPs)
             Began as a Formicid Conjurer on June 12, 2023.
             Was an Initiate of Gozag.
             Slain by wortelefant's ghost (8 damage)
             ... on level 5 of the Lair of Beasts.
             The game lasted 01:08:24 (18252 turns).

DildoBatman the Blocker (Formicid Conjurer)        Turns: 18252, Time: 01:08:25

Health: -3/116     AC: 15    Str: 12    XL:     15   Next: 52%
Magic:  24/37      EV: 14    Int: 31    God:    Gozag
Gold:   3181       SH: 13    Dex: 14    Spells: 10/32 levels left

rFire   . . .        a - +7 halberd
rCold   . . .        U - +0 kite shield
rNeg    . . .        o - +4 troll leather armour
rPois   .            (helmet unavailable)
rElec   .            T - +0 cloak {rCorr}
rCorr   +            X - +1 pair of gloves
SInv    +            V - +0 pair of boots of Foumar {+Blink Will+ Regen+ Dex+2}
Will    ++...        (no amulet)
Stlth   ++           j - ring of magical power
HPRegen 1.99/turn    N - +6 ring of intelligence
MPRegen 0.25/turn

%: no passive effects
@: gold aura
A: permanent stasis, dig shafts and tunnels, antennae 3, four strong arms,
talons 1, wild magic 1
a: Dig, Shaft Self, Renounce Religion, Potion Petition, Call Merchant, Bribe
Branch


You were on level 5 of the Lair of Beasts.
You worshipped Gozag.
Gozag was most pleased with you.
You visited 4 branches of the dungeon, and saw 19 of its levels.
You also visited: Ossuary and Gauntlet.

You collected 3772 gold pieces.
You spent 94 gold pieces at shops.
You paid 497 gold pieces to Gozag.

Inventory:

Hand Weapons
 a - a +7 halberd (weapon)
 b - a +2 shortbow of flaming
Missiles
 k - 52 poisoned darts
 r - 6 atropa-tipped darts
 M - 11 silver javelins
 Q - 2 throwing nets
 R - 9 curare-tipped darts
 Z - 3 datura-tipped darts
Armour
 o - a +4 troll leather armour (worn)
 T - a +0 cloak of preservation (worn)
 U - a +0 kite shield (worn)
 V - the +0 pair of boots of Foumar (worn) {+Blink Will+ Regen+ Dex+2}
   (You found it on level 11 of the Dungeon)

   Dex:       It affects your dexterity (+2).
   +Blink:    It lets you blink.
   Regen:     It increases your rate of health regeneration.
   Will:      It increases your willpower.
 X - a +1 pair of gloves (worn)
Magical Staves
 h - a staff of air
 O - the staff of poison "Geocviru" {rPois Str+5 SInv}
   (You found it on level 8 of the Dungeon)

   [staff of poison]

   Base accuracy: +5 Base damage: 5 Base attack delay: 1.2 This weapon's minimum
   attack delay (0.6) is reached at skill level 12.
   Str:       It affects your strength (+5).
   rPois:     It protects you from poison.
   SInv:      It lets you see invisible.
   It falls into the 'Staves' category.
   It is a weapon for one hand-pair.
Jewellery
 c - a ring of willpower
 e - a ring of positive energy
 j - a ring of magical power (left hand)
 N - a +6 ring of intelligence (right hand)
Wands
 m - a wand of paralysis (40)
 z - a wand of flame (13)
 S - a wand of iceblast (12)
Scrolls
 i - 2 scrolls of blinking {unknown}
 n - 2 scrolls of amnesia
 p - a scroll of magic mapping
 s - 3 scrolls of fog
 w - 3 scrolls of fear
 y - a scroll of torment
 A - a scroll of brand weapon {unknown}
 B - 2 scrolls of poison
 D - a scroll of silence {unknown}
 I - 5 scrolls of immolation
Potions
 d - 9 potions of curing
 f - 4 potions of brilliance
 g - 5 potions of might
 l - a potion of cancellation {unknown}
 q - 5 potions of heal wounds
 t - 4 potions of ambrosia
 v - a potion of invisibility {unknown}
 x - a potion of flight {unknown}
 H - a potion of resistance {unknown}
 L - 2 potions of attraction {unknown}
Miscellaneous
 u - a phial of floods
 E - a phantom mirror
 F - a box of beasts


   Skills:
 * Level 10.3 Fighting
 * Level 10.4 Armour
 * Level 8.3 Dodging
 - Level 3.0 Stealth
 * Level 13.8 Shields
 - Level 9.0 Spellcasting
 - Level 6.0 Conjurations
 - Level 12.0 Necromancy
 - Level 12.0 Earth Magic


You had 10 spell levels left.
You knew the following spells:

 Your Spells              Type           Power      Damage    Failure   Level
a - Borgnjor's Vile Clut  Necr/Erth      43%        N/A       3%          5
b - Stone Arrow           Conj/Erth      100%       3d13      1%          3
c - Searing Ray           Conj           100%       2d8       2%          2
d - Vampiric Draining     Necr           86%        2d12      1%          3
e - Lee's Rapid Deconstr  Erth           43%        3d21*     3%          5
h - Dispel Undead         Necr           86%        3d28      1%          4

Your spell library contained the following spells:

 Spells                   Type           Power      Damage    Failure   Level
 Kiss of Death            Conj/Necr      100%       2d13      1%          1
 Magic Dart               Conj           100%       1d8       1%          1
 Necrotise                Necr           100%       1d9       1%          1
 Passwall                 Tmut/Erth      50%        N/A       2%          2
 Agony                    Necr           86%        N/A       3%          5
 Foxfire                  Conj/Fire      100%       2x1d9     4%          1
 Dazzling Flash           Conj/Hex       84%        N/A       12%         3
 Anguish                  Hex/Necr       30%        N/A       12%         4
 Animate Armour           Summ/Erth      100%       N/A       12%         4
 Beastly Appendage        Tmut           36%        N/A       13%         1
 Sting                    Tmut/Pois      72%        1d6       13%         1
 Poisonous Vapours        Pois/Air       36%        N/A       21%         2
 Wereblood                Tmut           18%        N/A       21%         2
 Gell's Gravitas          Tloc           18%        N/A       34%         3
 Spider Form              Tmut/Pois      18%        N/A       34%         3
 Teleport Other           Tloc           18%        N/A       34%         3
 Volatile Blastmotes      Fire/Tloc      36%        2d13      34%         3
 Fulminant Prism          Conj/Hex       21%        3d12      34%         4
 Iskenderun's Mystic Bla  Conj/Tloc      42%        2d10      34%         4
 Fireball                 Conj/Fire      21%        3d10      67%         5
 Olgreb's Toxic Radiance  Pois           18%        N/A       73%         4
 Silence                  Hex/Air        9%         N/A       96%         5
 Starburst                Conj/Fire      21%        6d7       99%         6
 Borgnjor's Revivificati  Necr           43%        N/A       99%         8
 Infestation              Necr           43%        N/A       99%         8
 Dispersal                Tloc           9%         N/A       100%        6
 Plasma Beam              Fire/Air       9%         2x1d21    100%        6
 Haunt                    Necr/Summ      30%        N/A       100%        7
 Lehudib's Crystal Spear  Conj/Erth      37%        10d9      100%        8
 Necromutation            Tmut/Necr      30%        N/A       100%        8
 Death's Door             Necr           43%        N/A       100%        9
 Animate Dead             Necr           Unusable   N/A       N/A         4

Dungeon Overview and Level Annotations

Branches:
Dungeon (11/15)            Temple (1/1) D:7            Lair (5/5) D:8
  Swamp (0/4) Lair:3        Snake (0/4) Lair:2        Slime (0/5) Lair:4
    Orc (2/2) D:11            Elf (0/3) Orc:2       Ossuary (visited)
Gauntlet (visited)

Altars:
Ashenzari
Cheibriados
Dithmenos
Elyvilon
Fedhas
Gozag
Hepliaklqana
Kikubaaqudgha
Makhleb
Nemelex Xobeh
Okawaru
Qazlal
Ru
Sif Muna
Trog
Uskayaw
Vehumet
Wu Jian
Xom
Yredelemnul
Zin
The Shining One
Jiyva

Shops:
Orc:1 *   Orc:2 *(:

Annotations:
Lair:4 Kirke
Lair:5 wortelefant's ghost, journeyman MiFi


Innate Abilities, Weirdness & Mutations

You cannot be hasted, slowed, berserked, paralysed or teleported.
You can dig through walls and to a lower floor.
You have a pair of large antennae on your head. (SInv)
Your four strong arms can wield two-handed weapons with a shield.
You have sharp toenails.
Your spells are a little harder to cast, but a little more powerful.


Message History

Aiming: Dispel Undead (mildly dangerous; 1% risk of failure)
Press: ? - help, Shift-Dir - straight line, f/p - grizmgrazm2's ghost
Aim: grizmgrazm2's ghost (severely damaged, 100% to hit)
Grizmgrazm2's ghost is dispelled!!!
You destroy grizmgrazm2's ghost!
Casting: Dispel Undead (mildly dangerous; 1% risk of failure)
Confirm with . or Enter, or press ? or * to list all spells.
Aiming: Dispel Undead (mildly dangerous; 1% risk of failure)
Press: ? - help, Shift-Dir - straight line, f - wortelefant's ghost
Aim: wortelefant's ghost, wielding a weapon of flaming (moderately damaged, 100% to hit)
Wortelefant's ghost is dispelled!!!
Wortelefant's ghost says, "Ah, a second chance to prove myself in battle!"
Wortelefant's ghost completely misses you.
Casting: Dispel Undead (mildly dangerous; 1% risk of failure)
Confirm with . or Enter, or press ? or * to list all spells.
You don't have enough magic to cast this spell.
You barely miss wortelefant's ghost.
Wortelefant's ghost is severely damaged.
Wortelefant's ghost hits you!! Wortelefant's ghost burns you!
Wortelefant's ghost hits you but does no damage.
You hit wortelefant's ghost but do no damage.
Wortelefant's ghost is severely damaged.
Wortelefant's ghost misses you.
You hit wortelefant's ghost but do no damage.
Wortelefant's ghost is severely damaged.
Wortelefant's ghost hits you!! Wortelefant's ghost burns you!
Wortelefant's ghost hits you!! Wortelefant's ghost burns you.
Casting: Dispel Undead (mildly dangerous; 1% risk of failure)
Confirm with . or Enter, or press ? or * to list all spells.
You don't have enough magic to cast this spell.
Okay, then.
Unknown command.
Magic courses through your body. Wortelefant's ghost hits you!!
Wortelefant's ghost burns you!
You die...
Your body crumbles into a pile of gold.

######......~~
##[P⌠P#.....P~#
#8....#..#..~P#
!.....#..^.~~##
$
P.....'.....P~~
$
⌠.....'...~.~~~
$
P.....W...P.~~~
?.....#@.....~≈
#8....#......~≈
##)P⌠P#...~..~~
######......~~
#<#..#.~~~
#####....#~.~~
#.....#..##.P~
#####[....# .~
#.....#


You could see wortelefant's ghost.

Vanquished Creatures
  The ghost of grizmgrazm2 the Grappler, a journeyman TrTm of Gozag (Lair:5)
  A minotaur (Gauntlet)
  An ettin (Orc:2)
  The ghost of TrilBe the Cleaver, a journeyman TrBe of Trog (Lair:2)
  Erica (D:10)
  2 hydras
  2 ogre magi (Orc:2)
  2 boulder beetles
  9 two-headed ogres
  12 death yaks
  Urug (Lair:5)
  The ghost of ChadusMaximus the Cleaver, a novice MiFi of Okawaru (D:7)
  Amaemon (D:9)
  2 deep trolls (Orc:1)
  An orc knight (Orc:1)
  An oklob plant (Lair:4)
  A manticore (D:11)
  11 elephants
  A salamander (Lair:2)
  2 cyclopes (Orc:2)
  A rust devil (Gauntlet)
  2 black mambas
  12 cane toads
  A torpor snail (Gauntlet)
  A gargoyle (D:10)
  3 rime drakes
  An orange demon (D:9)
  A hellion (Gauntlet)
  3 komodo dragons
  A red devil (Gauntlet)
  2 tyrant leeches
  2 polar bears
  10 trolls
  30 blink frogs
  2 shadows (D:11)
  3 wyverns
  4 wraiths
  A vampire (D:11)
  A ynoxinul (Gauntlet)
  A basilisk (Lair:2)
  22 yaks
  5 hogs (Lair:5)
  3 vampire mosquitoes (Lair:5)
  An acid dragon (D:10)
  3 swamp worms (Lair:3)
  4 wargs (Orc:2)
  10 water moccasins
  14 orc warriors
  2 sky beasts
  2 ice beasts (D:8)
  A black bear (Lair:3)
  The ghost of TrilBe the Trooper, an amateur HOFi of Beogh (D:3)
  20 ogres
  17 wolves
  A centaur (D:9)
  A phantom (D:11)
  14 kobold brigands
  23 bullfrogs
  2 gnoll sergeants
  11 scorpions
  10 wights (D:8)
  8 killer bees
  2 troll zombies (D:11)
  An electric eel (Orc:2)
  3 lava snakes (Lair:2)
  6 centaur zombies
  A human zombie (Ossuary)
  7 jellies
  5 hounds
  13 orc priests
  Crazy Yiuf (D:2)
  3 iron imps (Gauntlet)
  Terence (D:2)
  3 iguanas
  2 scorpion zombies (Ossuary)
  26 orc wizards
  A statue (D:3)
  4 ogre zombies (D:11)
  3 mummies (Ossuary)
  A howler monkey zombie (D:11)
  15 gnolls
  7 adders
  An ufetubus (D:4)
  A worm (D:3)
  4 dart slugs
  53 orcs
  4 ball pythons
  4 endoplasms
  5 giant cockroaches
  3 gnoll zombies (Ossuary)
  3 goblins
  4 hobgoblins
  24 kobolds
  4 quokkas
  2 bats (D:2)
  5 goblin skeletons (D:11)
  3 goblin zombies
  2 hobgoblin skeletons (D:11)
  4 hobgoblin zombies
  3 kobold zombies (Ossuary)
  9 orc zombies (D:11)
  3 rats
  A fire vortex (Lair:4)
558 creatures vanquished.

Vanquished Creatures (others)
  An orc wizard (Orc:2)
1 creature vanquished.

Grand Total: 559 creatures vanquished

Notes
Turn   | Place    | Note
-------+----------+-------------------------------------------
     0 | D:1      | DildoBatman the Formicid Conjurer began the quest for the
                  | Orb.
     0 | D:1      | Reached XP level 1. HP: 13/13 MP: 3/3
   711 | D:2      | Reached XP level 2. HP: 19/19 MP: 1/5
   715 | D:2      | Learned a level 2 spell: Searing Ray
  1212 | D:2      | Reached XP level 3. HP: 25/25 MP: 6/6
  1222 | D:2      | Noticed Terence
  1270 | D:2      | Reached skill level 1 in Fighting
  1270 | D:2      | Reached skill level 1 in Armour
  1618 | D:2      | Found a runed translucent door.
  1619 | D:2      | Noticed Crazy Yiuf
  1862 | D:3      | Reached XP level 4. HP: 32/32 MP: 4/7
  1871 | D:3      | Found a basalt altar of Yredelemnul.
  2067 | D:3      | Found a large runed translucent door.
  2067 | D:3      | Found a large runed translucent door.
  2069 | D:3      | Noticed TrilBe's ghost (amateur HOFi)
  2215 | D:3      | Found a radiant altar of Vehumet.
  2215 | D:3      | Noticed a frost-covered statue
  2691 | D:4      | Noticed a bullfrog
  2698 | D:4      | Killed a bullfrog
  2699 | D:4      | Reached XP level 5. HP: 23/38 MP: 9/9
  3113 | D:4      | Reached XP level 6. HP: 44/44 MP: 10/10
  3383 | D:5      | Entered Level 5 of the Dungeon
  3615 | D:5      | Noticed a water moccasin
  3706 | D:5      | Learned a level 3 spell: Stone Arrow
  3901 | D:5      | Found a glowing silver altar of Zin.
  3904 | D:5      | Found a glowing golden altar of the Shining One.
  3960 | D:5      | Reached skill level 1 in Earth Magic
  3960 | D:5      | Reached XP level 7. HP: 21/51 MP: 11/12
  4806 | D:7      | Noticed a troll
  4916 | D:7      | Found a staircase to the Ecumenical Temple.
  4925 | Temple   | Entered the Ecumenical Temple
  5013 | Temple   | Became a worshipper of Kikubaaqudgha
  5027 | D:7      | HP: 2/52 [troll (4)]
  5028 | D:7      | You fall into a shaft and drop 2 floors!
  5046 | D:9      | Noticed Amaemon
  5163 | D:7      | Noticed a water moccasin
  5186 | D:7      | Reached XP level 8. HP: 14/59 MP: 6/14
  5223 | D:7      | Reached skill level 5 in Conjurations
  5229 | D:6      | Found a sand-covered staircase.
  5235 | Ossuary  | Entered an ossuary
  5582 | Ossuary  | Reached * piety under Kikubaaqudgha
  5582 | Ossuary  | Received a gift from Kikubaaqudgha
  5587 | Ossuary  | Learned a level 3 spell: Vampiric Draining
  5757 | Ossuary  | Reached skill level 5 in Spellcasting
  5966 | D:6      | Reached XP level 9. HP: 53/67 MP: 16/16
  5987 | D:6      | Reached skill level 5 in Fighting
  5987 | D:6      | Reached skill level 5 in Armour
  6136 | D:2      | Killed Terence
  6281 | D:2      | Killed Crazy Yiuf
  6282 | D:2      | Reached skill level 5 in Earth Magic
  6540 | D:3      | Killed TrilBe's ghost
  6930 | D:5      | Reached ** piety under Kikubaaqudgha
  7663 | D:7      | Found a runed translucent gate.
  7666 | D:7      | Found a runed translucent gate.
  7751 | D:7      | Found a runed translucent gate.
  7752 | D:7      | Noticed ChadusMaximus's ghost (novice MiFi)
  7975 | D:7      | Reached XP level 10. HP: 74/74 MP: 20/20
  8592 | D:8      | Reached skill level 1 in Necromancy
  8642 | D:8      | Noticed a rime drake
  8654 | D:8      | Killed a rime drake
  8655 | D:8      | Reached skill level 5 in Necromancy
  8674 | D:8      | Reached *** piety under Kikubaaqudgha
  8674 | D:8      | Received a gift from Kikubaaqudgha
  8680 | D:8      | Learned a level 4 spell: Dispel Undead
  8686 | D:8      | Learned a level 5 spell: Borgnjor's Vile Clutch
  8704 | D:8      | Found a staircase to the Lair.
  9235 | D:8      | Identified the staff of poison "Geocviru" {rPois Str+5
                  | SInv}
  9448 | D:9      | Noticed an orange demon
  9456 | D:9      | Killed an orange demon
  9460 | D:9      | Killed Amaemon
  9461 | D:9      | Reached XP level 11. HP: 57/79 MP: 21/21
  9717 | D:9      | Reached **** piety under Kikubaaqudgha
  9986 | D:7      | Killed ChadusMaximus's ghost
  9997 | D:7      | Reached skill level 10 in Earth Magic
 10084 | D:10     | Entered Level 10 of the Dungeon
 10257 | D:10     | Reached skill level 10 in Necromancy
 10428 | D:10     | Noticed Erica
 10438 | D:10     | Killed Erica
 10675 | D:10     | Reached XP level 12. HP: 74/86 MP: 19/22
 10761 | D:10     | Reached ***** piety under Kikubaaqudgha
 10857 | D:11     | Noticed a boulder beetle
 10867 | D:11     | Killed a boulder beetle
 10952 | D:11     | Reached skill level 1 in Shields
 11005 | D:11     | Found a staircase to the Orcish Mines.
 11012 | D:11     | Reached skill level 2 in Shields
 11064 | D:11     | Reached skill level 3 in Shields
 11131 | D:11     | Identified the +0 pair of boots of Foumar {+Blink Will+
                  | Regen+ Dex+2}
 11392 | D:11     | Identified the +3 quarterstaff of the Summoning Gods
                  | {flame, Dex+2}
 11407 | D:11     | Reached skill level 4 in Shields
 11603 | D:11     | Noticed a two-headed ogre
 11608 | D:11     | Killed a two-headed ogre
 11609 | D:11     | Reached skill level 5 in Shields
 11725 | Orc:1    | Entered Level 1 of the Orcish Mines
 11813 | Orc:1    | Found Sunwath's Assorted Antiques.
 11822 | Orc:1    | Bought a scroll labelled BONNIUDWIOD for 31 gold pieces
 11822 | Orc:1    | Bought a scroll labelled BONNIUDWIOD for 31 gold pieces
 11884 | Orc:2    | Entered Level 2 of the Orcish Mines
 11896 | Orc:2    | Reached skill level 6 in Shields
 12032 | Orc:1    | Reached skill level 7 in Shields
 12093 | Orc:2    | Noticed a deep troll
 12094 | Orc:2    | Noticed a two-headed ogre
 12094 | Orc:2    | Noticed a two-headed ogre
 12094 | Orc:2    | Noticed a two-headed ogre
 12095 | Orc:2    | Noticed a two-headed ogre
 12095 | Orc:2    | Noticed an ettin
 12096 | Orc:2    | Noticed a two-headed ogre
 12258 | Orc:2    | Reached ****** piety under Kikubaaqudgha
 12262 | Orc:2    | Noticed a deep troll
 12269 | Orc:1    | Reached skill level 8 in Shields
 12341 | Orc:1    | Killed a deep troll
 12342 | Orc:1    | Reached skill level 9 in Shields
 12364 | Orc:2    | Noticed a two-headed ogre
 12373 | Orc:1    | Killed a two-headed ogre
 12374 | Orc:1    | Reached XP level 13. HP: 77/91 MP: 14/23
 12382 | Orc:2    | Noticed an ogre mage
 12470 | Orc:2    | Killed an ettin
 12582 | Orc:2    | Found Lell's Weapon Shop.
 12614 | Orc:2    | Found Kess's Book Shop.
 12615 | Orc:2    | Found Ziunagir's Assorted Antiques.
 12629 | Orc:2    | Received a gift from Kikubaaqudgha
 12630 | Orc:2    | Fell from the grace of Kikubaaqudgha
 12634 | Orc:2    | Found Tamnynio's Antique Weapon Boutique.
 12648 | Orc:2    | Noticed an ogre mage
 12875 | Temple   | Became a worshipper of Gozag Ym Sagoz the Greedy
 12947 | D:8      | You fall into a shaft and drop 1 floor!
 13063 | Orc:2    | Killed an ogre mage
 13064 | Orc:2    | Reached skill level 10 in Shields
 13078 | Orc:2    | Killed an ogre mage
 13247 | Orc:2    | Reached skill level 5 in Dodging
 13413 | Orc:2    | Found a staircase to the Elven Halls.
 13424 | Orc:2    | Bought a scroll labelled ILAISTR XOG DISS for 32 gold
                  | pieces
 13926 | Lair:1   | Entered Level 1 of the Lair of Beasts
 14151 | Lair:1   | Got the Codex of Arenous Pyromancy
 14251 | Lair:1   | Reached skill level 11 in Shields
 14273 | Lair:1   | Reached XP level 14. HP: 103/103 MP: 20/26
 14704 | Lair:2   | Learned a level 5 spell: Lee's Rapid Deconstruction
 14832 | Lair:2   | Found a runed translucent door.
 14847 | Lair:2   | Noticed TrilBe's ghost (journeyman TrBe)
 14856 | Lair:2   | Killed TrilBe's ghost
 15191 | Lair:2   | Reached skill level 12 in Shields
 15191 | Lair:2   | Found a staircase to the Snake Pit.
 15650 | Lair:3   | Found a gate leading to a gauntlet.
 15801 | Gauntlet | Entered a Gauntlet
 15801 | Gauntlet | Found a transporter.
 15801 | Gauntlet | Found a runed translucent door.
 15801 | Gauntlet | Found a transporter.
 15802 | Gauntlet | Found a runed translucent door.
 15813 | Gauntlet | Found a transporter.
 15830 | Gauntlet | Found a transporter.
 15831 | Gauntlet | Found a transporter.
 15831 | Gauntlet | Found a transporter.
 15833 | Gauntlet | Found a transporter.
 15833 | Gauntlet | Found a transporter.
 15846 | Gauntlet | Found the +3 Mad Mage's Maulers {Infuse+∞ VampMP -Cast}
 15848 | Gauntlet | Found a transporter.
 15861 | Gauntlet | Found a transporter.
 15871 | Gauntlet | Found a transporter.
 15885 | Gauntlet | Found a transporter.
 15905 | Gauntlet | Found a transporter.
 15906 | Gauntlet | Found a runed translucent door.
 15917 | Gauntlet | Found a transporter.
 16188 | Gauntlet | Noticed a minotaur
 16215 | Gauntlet | Killed a minotaur
 16529 | Lair:3   | Gained mutation: You are partially covered in iridescent
                  | scales. (AC +2) [potion of mutation]
 16530 | Lair:3   | Lost mutation: You are partially covered in iridescent
                  | scales. (AC +2) [potion of mutation]
 16530 | Lair:3   | Gained mutation: You have hidden genetic defects. [potion
                  | of mutation]
 16530 | Lair:3   | Gained mutation: Your magical capacity is low. (-10% MP)
                  | [potion of mutation]
 16530 | Lair:3   | Lost mutation: You have hidden genetic defects. [potion of
                  | mutation]
 16530 | Lair:3   | Gained mutation: Your natural rate of healing is unusually
                  | fast. [potion of mutation]
 16531 | Lair:3   | Lost mutation: Your magical capacity is low. (-10% MP)
                  | [potion of mutation]
 16531 | Lair:3   | Lost mutation: Your natural rate of healing is unusually
                  | fast. [potion of mutation]
 16531 | Lair:3   | Gained mutation: Your mind is acute. (Int +4, Str/Dex -1)
                  | [potion of mutation]
 16531 | Lair:3   | Gained mutation: Armour fits poorly on your strangely
                  | shaped body. [potion of mutation]
 16531 | Lair:3   | Gained mutation: You occasionally shout uncontrollably at
                  | your foes. [potion of mutation]
 16532 | Lair:3   | Lost mutation: Armour fits poorly on your strangely shaped
                  | body. [potion of mutation]
 16532 | Lair:3   | Lost mutation: Your mind is acute. (Int +4, Str/Dex -1)
                  | [potion of mutation]
 16532 | Lair:3   | Lost mutation: You occasionally shout uncontrollably at
                  | your foes. [potion of mutation]
 16532 | Lair:3   | Gained mutation: Your spells are a little harder to cast,
                  | but a little more powerful. [potion of mutation]
 16532 | Lair:3   | Gained mutation: You have sharp toenails. [potion of
                  | mutation]
 16699 | Lair:3   | Found a staircase to the Swamp.
 16802 | Lair:3   | Reached XP level 15. HP: 82/113 MP: 19/28
 17231 | Lair:4   | Reached skill level 13 in Shields
 17397 | Lair:4   | Found a viscous altar of Jiyva.
 17412 | Lair:4   | Found a staircase to the Slime Pits.
 18122 | Lair:5   | Entered Level 5 of the Lair of Beasts
 18122 | Lair:5   | Noticed Urug
 18135 | Lair:5   | Killed Urug
 18139 | Lair:5   | Reached skill level 10 in Armour
 18140 | Lair:5   | Reached skill level 10 in Fighting
 18165 | Lair:5   | Noticed Kirke
 18239 | Lair:5   | Found a runed translucent gate.
 18239 | Lair:5   | Found a runed translucent gate.
 18239 | Lair:5   | Found a runed translucent gate.
 18239 | Lair:5   | Noticed wortelefant's ghost (journeyman MiFi)
 18240 | Lair:5   | Noticed grizmgrazm2's ghost (journeyman TrTm)
 18247 | Lair:5   | Killed grizmgrazm2's ghost
 18252 | Lair:5   | HP: 5/116 [wortelefant's ghost (31)]
 18252 | Lair:5   | Slain by wortelefant's ghost

Illustrated notes

Levels and vault maps discovered:
D:1:      eino_arrival_water_cross, layout_basic
D:2:      layout_loops_corners, hangedman_abyss_or_decor_lesser_grid,
          hangedman_feature_mirror, uniq_terence, uniq_crazy_yiuf_cottage
D:3:      minmay_spotlight, layout_loops_corners,
          mainiacjoe_overflow_cross_hatched, vehumet_statue,
          ebering_ghost_disaster_area
D:4:      layout_loops_cross, grunt_ministairs_1
D:5:      layout_layer_cave, mainiacjoe_overflow_catwalk_spiral,
          hangedman_decor_riveting, nicolae_zen_rock_garden
D:6:      layout_loops_ring, nicolae_ossuary_entry_plus
D:7:      layout_layer_cave, minmay_temple_entry_wispy,
          gammafunk_ghost_nasty_kobolds, kennysheep_generic_room_15
D:8:      layout_basic, hellmonk_lair_entry_icy, lightli_corner_chamber
D:9:      layout_small_grid, uniq_amaemon
D:10:     layout_irregular_city, uniq_erica
D:11:     layout_stronghold, zombieorc1_lemuel, serial_undead, serial_undead_f,
          serial_undead_a, serial_undead_d, serial_undead_a
Temple:   dpeg_three_leaves_temple
Lair:1:   layout_cave_pods, beast_lair_carwin_3
Lair:2:   layout_regular_city, nicolae_snake_entry_warm_welcome,
          ebering_ghost_reflecting_pool
Lair:3:   layout_misc_corridors, minmay_swamp_entry_worms,
          gauntlet_entry_generic, st_stairs_8, serial_bayou_shore_a
Lair:4:   layout_gridlike, nicolae_slime_entry_field_trip, grunt_megastairs_1,
          infiniplex_staircase_pool
Lair:5:   minmay_lair_end_frog_pond, layout_long_grid, gammafunk_ghost_cemetery,
          uniq_urug, uniq_josephine, uniq_kirke
Orc:1:    layout_caves, serial_shops, nicolae_shop_tiny_waterfront,
          nicolae_orc_flooded_monolith
Orc:2:    st_orc_open, layout_caves, nooodl_orcs_dogs

Skill      XL: |  1  2  3  4  5  6  7  8  9 10 11 12 13 14 15 |
---------------+----------------------------------------------+-----
Dodging        | 2 3 5 7 8 |  8.3
Fighting       | 1 2 3 4 5 7 9 10 | 10.3
Armour         | 1 2 3 4 5 7 9 10 | 10.4
Stealth        | 3 |  3.0
Spellcasting   | 3 4 5 7 8 9 |  9.0
Conjurations   | 4 5 6 |  6.0
Earth Magic    | 1 2 4 7 9 11 12 | 12.0
Necromancy     | 8 10 12 | 12.0
Shields        | 9 11 12 13 | 13.8

Action                     |  1- 3 |  4- 6 |  7- 9 | 10-12 | 13-15 || total
---------------------------+-------+-------+-------+-------+-------++-------
  Melee: Dagger            |    27 |       |     6 |    11 |       ||    44
         Punch             |     1 |       |       |     2 |       ||     3
         Short sword       |     1 |    13 |    32 |    38 |       ||    84
         Halberd           |       |       |       |   288 |   483 ||   771
   Fire: Shortbow          |       |       |       |       |     6 ||     6
   Cast: Magic Dart        |    53 |    33 |    10 |       |       ||    96
         Searing Ray       |     2 |    18 |    32 |     7 |       ||    59
         Stone Arrow       |       |       |    51 |    20 |     6 ||    77
         Borgnjor's Vile C |       |       |       |    64 |   123 ||   187
         Dispel Undead     |       |       |       |    15 |     9 ||    24
         Lee's Rapid Decon |       |       |       |       |     1 ||     1
 Invoke: Receive Forbidden |       |       |       |       |     1 ||     1
         Renounce Religion |       |       |       |       |     1 ||     1
Ability: Dig               |       |       |     1 |     3 |     3 ||     7
         Shaft Self        |       |       |     1 |       |     1 ||     2
  Evoke: Wand              |       |       |       |     4 |     3 ||     7
    Use: Scroll            |       |       |    15 |     7 |     9 ||    31
         Potion            |       |       |     3 |       |     5 ||     8
   Stab: Sleeping          |     1 |       |       |     6 |     7 ||    14
         Distracted        |       |       |       |       |     6 ||     6
 Armour: Robe              |     7 |     5 |    43 |     1 |       ||    56
         Troll leather arm |       |       |       |   193 |   176 ||   369
  Dodge: Dodged            |    26 |    18 |    90 |   263 |   298 ||   695
  Block: Kite shield       |       |       |       |   102 |   350 ||   452
